 Dungeon Crawl Stone Soup version 0.20-b1-24-gb21faa7 (webtiles) character file.

32 FakerFangirl the Cudgeler (level 3, 0/31 HPs)
             Began as a Draconian Fighter on May 26, 2017.
             Succumbed to an adder's poison
             ... on level 2 of the Dungeon.
             The game lasted 00:01:42 (1119 turns).

FakerFangirl the Cudgeler (Draconian Fighter)       Turns: 1119, Time: 00:01:42

Health: 0/31       AC:  5    Str: 18    XL:     3   Next: 10%
Magic:  3/3        EV: 10    Int:  8    God:
Gold:   80         SH:  9    Dex: 11    Spells: 2/2 levels left

rFire    . . .     SeeInvis .   Y - +1 flail
rCold    . . .     Gourm    .   b - +0 shield
rNeg     . . .     Faith    .   (armour unavailable)
rPois    .         Spirit   .   (helmet restricted)
rElec    .         Reflect  .   (no cloak)
rCorr    .         Harm     .   (no gloves)
MR       .....                  (no boots)
Stlth    +.........             (no amulet)
Regen    0.1/turn               (no ring)
MPRegen  0.1/turn               (no ring)

@: lethally poisoned (0 -> -14)
A: unfitting armour, cold-blooded, AC +5
a: no special abilities


You were on level 2 of the Dungeon.
You were not hungry.

You visited 1 branch of the dungeon, and saw 2 of its levels.

You collected 80 gold pieces.


Innate Abilities, Weirdness & Mutations

Your plain brown scales are hard. (AC +5)
You cannot fit into any form of body armour.
You are cold-blooded and may be slowed by cold attacks.


   Skills:
 - Level 3.2 Fighting
 + Level 3.6 Maces & Flails
 - Level 2.6 Dodging
 - Level 3.0 Shields


You had 2 spell levels left.
You didn't know any spells.

Inventory:

Hand Weapons
 Y - a +1 flail (weapon)
Armour
 b - a +0 shield (worn)
 e - a +1 cloak
Scrolls
 h - a scroll of teleportation {unknown}
 i - a scroll of magic mapping {unknown}
 l - 2 scrolls of identify
Potions
 a - a potion of curing {unknown}
 c - a potion of might
 g - a potion of resistance {unknown}
 j - a potion of ambrosia {unknown}
 m - a potion of degeneration {unknown}
Comestibles
 d - a bread ration
 f - 3 chunks of flesh
 k - a royal jelly

Dungeon Overview and Level Annotations

Branches:
Dungeon (2/15)

Altars:


Message History

The adder bites you.
You are more poisoned.
The adder poisons you! The adder bites you.
You are lethally poisoned!
The adder poisons you!
You miss the adder.
The adder is moderately wounded.
You feel sick. The adder bites you.
You are more poisoned.
The adder poisons you! The adder closely misses you.
You hit the adder.
Your tail-slap misses the adder.
The adder is heavily wounded.
You feel sick. The adder bites you. You block the adder's attack.
You sock the adder!
You kill the adder!
You have reached level 3!
Your experience leads to an increase in your attributes!
Increase (S)trength, (I)ntelligence, or (D)exterity?
You feel agile.
Your scales feel tougher.
You die...

#####.....
#...'..... ##
#%###..... ####..
#.# #..... #.... #.#
#..... #.... #.#
###### #...#+#####.#
#..%#.......########
#.?@................
##...##########....#
#.#.# #....# .....#
###### ###>.(.
#...## #...# ....#


There were no monsters in sight!

Vanquished Creatures
  An adder (D:2)
  A ball python (D:1)
  5 goblins
  3 hobgoblins
  6 bats
  2 frilled lizards
  3 kobolds
  3 rats (D:1)
24 creatures vanquished.

Notes
Turn   | Place    | Note
-------+----------+-------------------------------------------
     0 | D:1      | FakerFangirl the Draconian Fighter began the quest for the Orb.
     0 | D:1      | Reached XP level 1. HP: 19/19 MP: 1/1
     0 | D:1      | 0 ||| counter = 105
   223 | D:1      | Reached XP level 2. HP: 20/26 MP: 2/2
   534 | D:1      | Reached skill level 3 in Maces & Flails
   761 | D:1      | 761 ||| READING scroll labeled YHOLOY TYCOM.
   762 | D:1      | 762 ||| READING scroll labeled KEYXILE LAOZAO.
   763 | D:1      | 763 ||| READING 2 scrolls labeled WAUSSO BU OVU.
   764 | D:1      | 764 ||| DRINKING 2 fuming cyan potions.
   765 | D:1      | 765 ||| DROPPING potion of agility.
  1118 | D:2      | HP: 5/26 [poisoned by an adder]
  1118 | D:2      | HP: 1/26 [adder (4)]
  1119 | D:2      | Reached XP level 3. HP: 1/31 MP: 3/3
  1119 | D:2      | Succumbed to an adder's poison

Vault maps used:
D:1:      minmay_arrival_three_doors

Skill      XL: |  1  2 |
---------------+-------+-----
Maces & Flails | 3 |  3.6
Fighting       | |  3.2
Dodging        | |  2.6
Shields        | |  3.0

Action                   || total
-------------------------++-------
Melee: Flail             ||    79
       Tailslap          ||     7
  Use: Scroll            ||     3
       Potion            ||     1
  Eat: Chunk             ||     1
Armor: Skin              ||    14
Dodge: Dodged            ||    37
Block: Shield            ||    22
